 Dungeon Crawl Stone Soup version 0.30-a0-748-ge6a52f7cba (webtiles) character file.

Game seed: 16900438898932873631

321 Crownlay the Firebug (level 6, -4/45 HPs)
             Began as a Hill Orc Fire Elementalist on Feb 8, 2023.
             Slain by a gnoll
             ... wielding a +0 club
             ... led by a gnoll sergeant
              (5 damage)
             ... on level 4 of the Dungeon.
             The game lasted 00:04:42 (3697 turns).

Crownlay the Firebug (Hill Orc Fire Elementalist)   Turns: 3697, Time: 00:04:42

Health: -4/45      AC:  3    Str: 11    XL:     6   Next: 46%
Magic:  1/10       EV: 12    Int: 17    God:
Gold:   151        SH:  0    Dex: 17    Spells: 1/10 levels left

rFire   . . .      SeeInvis .    c - +0 dagger (venom)
rCold   . . .      Faith    .    (no shield)
rNeg    . . .      Spirit   .    a - +0 robe
rPois   .          Reflect  .    (no helmet)
rElec   .          Harm     .    (no cloak)
rCorr   +          Rampage  .    (no gloves)
Will    .....                    q - +0 pair of boots
Stlth   ++                       (no amulet)
HPRegen 0.27/turn                k - ring of resist corrosion
MPRegen 0.12/turn                m - +6 ring of dexterity

@: lethally poisoned (-4 -> -21)
A: no striking features
a: no special abilities


You were on level 4 of the Dungeon.
You visited 1 branch of the dungeon, and saw 4 of its levels.

You collected 151 gold pieces.

Inventory:

Hand Weapons
 c - a +0 dagger of venom (weapon)
Armour
 a - a +0 robe (worn)
 q - a +0 pair of boots (worn)
Jewellery
 k - a ring of resist corrosion (left hand)
 m - a +6 ring of dexterity (right hand)
Wands
 t - a wand of flame (26)
Scrolls
 f - 3 scrolls of teleportation
 g - a scroll of magic mapping {unknown}
 j - a scroll of vulnerability {unknown}
 l - 2 scrolls of enchant weapon {unknown}
 n - 2 scrolls of identify
 s - a scroll of enchant armour {unknown}
Potions
 b - a potion of magic
 d - a potion of berserk rage {unknown}
 e - 4 potions of curing {unknown}
 h - 2 potions of lignification {unknown}
 i - a potion of attraction {unknown}
 o - 3 potions of flight {unknown}
 p - 3 potions of might {unknown}
 r - a potion of heal wounds {unknown}


   Skills:
 - Level 1.5 Dodging
 - Level 1.5 Stealth
 + Level 2.9 Spellcasting
 + Level 3.3 Conjurations
 + Level 1.1 Necromancy
 * Level 5.1 Fire Magic
 + Level 1.1 Earth Magic


You had one spell level left.
You knew the following spells:

 Your Spells              Type           Power      Damage    Failure   Level
a - Foxfire               Conj/Fire      68%        2x1d7     3%          1
b - Scorch                Fire           40%        2d7       3%          2
c - Inner Flame           Hex/Fire       11%        N/A       19%         3
d - Kindle Blastsparks    Fire/Tloc/Air  16%        2d11      26%         3

Your spell library contained the following spells:

 Spells                   Type           Power      Damage    Failure   Level
 Shock                    Conj/Air       32%        1d5       9%          1
 Flame Wave               Conj/Fire      17%        2d7       30%         4
 Ozocubu's Armour         Ice            2%         N/A       47%         3
 Animate Dead             Necr           6%         N/A       73%         4
 Borgnjor's Vile Clutch   Necr/Erth      3%         N/A       97%         5
 Metabolic Englaciation   Hex/Ice        1%         N/A       99%         5
 Death Channel            Necr           3%         N/A       100%        6
 Simulacrum               Ice/Necr       2%         N/A       100%        6


Dungeon Overview and Level Annotations

Branches:
Dungeon (4/15)
 Temple: D:4-7

Altars:
Elyvilon
Wu Jian

Shops:
D:1 (


Message History

The foxfire hits the gnoll sergeant but does no damage.
The gnoll sergeant is heavily wounded.
The foxfire hits the gnoll sergeant.
The gnoll sergeant is heavily wounded.
The gnoll sergeant hits you from afar with a +2 trident of venom!
A gnoll comes into view. It is wielding a +0 spear.
You conjure some foxfire!
The foxfire hits the gnoll sergeant.
The gnoll sergeant is heavily wounded.
The foxfire hits the gnoll sergeant but does no damage.
The gnoll sergeant is heavily wounded.
A gnoll comes into view. It is wielding a +0 spear.
The gnoll sergeant hits you from afar with a +2 trident of venom!
* * * LOW HITPOINT WARNING * * *
You are lethally poisoned!
You are too injured to fight recklessly!
Casting: Foxfire (safe; 3% risk of failure)
Confirm with . or Enter, or press ? or * to list all spells.
Flames lash the gnoll sergeant.
The gnoll sergeant is almost dead.
The gnoll sergeant's fire resistance burns away.
* * * LOW HITPOINT WARNING * * *
You feel very sick.
The foxfire hits the gnoll.
The gnoll is heavily wounded.
The foxfire hits the gnoll but does no damage.
The gnoll is heavily wounded.
A gnoll comes into view. It is wielding a +0 flail.
The gnoll sergeant hits you from afar with a +2 trident of venom.
* * * LOW HITPOINT WARNING * * *
You are more poisoned.
The gnoll hits you with a +0 club.
* * * LOW HITPOINT WARNING * * *
Okay, then.
As you read the scroll labelled MEIJIA NOTY, it crumbles to dust.
It is a scroll of identify.
f - 3 scrolls of teleportation
* * * LOW HITPOINT WARNING * * *
You feel very sick. The gnoll hits you with a +0 club.
You die...

#.#.....#..##
#.#.....#...#
#.##...##.#.#
#.###.###...###
#............#.
#####....#....#...
##........##...#...
#.........##.......
#.@........##.....#
#.g.......####.##.#
.....g.#...#.#..#..#
#..#..J..#...#.......#
#..#....gg.....##....#
...
##.................
##. #..g.g............
#. ###...............
.........


You could see a gnoll sergeant (combustible), 5 gnolls and an endoplasm.

Vanquished Creatures
  A black bear (D:4)
  Blork the orc (D:4)
  A hound (D:3)
  An adder (D:2)
  4 gnolls
  A worm (D:2)
  3 dart slugs
  6 orcs (D:3)
  A ball python (D:2)
  9 endoplasms
  2 giant cockroaches
  8 goblins
  6 hobgoblins
  4 jackals (D:3)
  3 quokkas
  10 bats
  2 frilled lizards
  4 kobolds
  A rat (D:1)
68 creatures vanquished.

Vanquished Creatures (others)
  315 foxfires
315 creatures vanquished.

Grand Total: 383 creatures vanquished

Notes
Turn   | Place    | Note
-------+----------+-------------------------------------------
     0 | D:1      | Crownlay the Hill Orc Fire Elementalist began the quest for
                  | the Orb.
     0 | D:1      | Reached XP level 1. HP: 14/14 MP: 3/3
   105 | D:1      | Found Loahumeh's Antique Weapon Shop.
   261 | D:1      | Reached XP level 2. HP: 20/20 MP: 0/4
   707 | D:1      | Found a faded altar of an unknown god.
   715 | D:1      | Got Plato's Catalogue of Inhalation
   886 | D:1      | Learned a level 2 spell: Scorch
   916 | D:1      | Reached XP level 3. HP: 20/26 MP: 2/6
   954 | D:1      | Learned a level 3 spell: Inner Flame
  1418 | D:2      | Reached skill level 4 in Fire Magic
  1481 | D:2      | Found a white marble altar of Elyvilon.
  1616 | D:2      | Reached XP level 4. HP: 33/33 MP: 3/7
  2559 | D:3      | Found an ornate altar of the Wu Jian Council.
  2575 | D:3      | Reached XP level 5. HP: 38/38 MP: 5/8
  2670 | D:3      | Learned a level 3 spell: Kindle Blastsparks
  3490 | D:4      | Noticed Blork the orc
  3495 | D:4      | Killed Blork the orc
  3496 | D:4      | Reached XP level 6. HP: 45/45 MP: 4/10
  3497 | D:4      | Noticed a black bear
  3503 | D:4      | Killed a black bear
  3504 | D:4      | Reached skill level 1 in Necromancy
  3504 | D:4      | Reached skill level 5 in Fire Magic
  3504 | D:4      | Reached skill level 1 in Earth Magic
  3697 | D:4      | HP: 1/45 [poisoned by a gnoll sergeant]
  3697 | D:4      | Slain by a gnoll

Illustrated notes

Levels and vault maps discovered:
D:1:      amcnicky_arrival_choice, layout_rooms, serial_shops, shop,
          shapermc_ecumenical_altar_rom_forum, hex_tiny
D:2:      layout_rooms, basic_altar
D:3:      layout_loops_cross, nicolae_wu_jian_wuxing_cycle, minmay_crystal_room
D:4:      layout_cave_pools, nicolae_gozag_cash_rules_everything_around_me,
          mainiacjoe_overflow_chevrons, serial_column_ruins,
          column_ruins_open_medium, column_ruins_open_tiny, column_ruins_grid_1,
          column_ruins_columns_corner, column_ruins_columns_straight,
          dreamdust_princess_bridge, minmay_misc_feat_enclosed,
          uniq_blork_the_orc

Skill      XL: |  1  2  3  4  5  6 |
---------------+-------------------+-----
Spellcasting   | 2 |  2.9
Conjurations   | 2 3 |  3.3
Fire Magic     | 4 5 |  5.1
Necromancy     | 1 |  1.1
Earth Magic    | 1 |  1.1
Dodging        | |  1.5
Stealth        | |  1.5

Action                     |  1- 3 |  4- 6 || total
---------------------------+-------+-------++-------
  Melee: Dagger            |    36 |    14 ||    50
         Punch             |     3 |       ||     3
   Cast: Foxfire           |    73 |   113 ||   186
         Scorch            |       |     1 ||     1
    Use: Scroll            |       |     1 ||     1
   Stab: Sleeping          |       |     1 ||     1
 Armour: Robe              |    10 |     3 ||    13
  Dodge: Dodged            |    19 |     8 ||    27

Table legend: (Time is in decaauts)
 A = Elapsed time spent in this place.
 B = Non-inter-level travel time spent in this place.
 C = Inter-level travel time spent in this place.
 D = Time resting spent in this place.
 E = Time spent auto-exploring this place.
 F = Levels seen in this place.
 G = Mean time per level.
                   A        B        C        D        E       F      G
               +--------+--------+--------+--------+--------+-----+--------+
         Total |   3694 |   3626 |     68 |      0 |   3182 |   4 |  923.5 |
       Dungeon |   3694 |   3626 |     68 |      0 |   3182 |   4 |  923.5 |
               +--------+--------+--------+--------+--------+-----+--------+

Top non-repeatable levels by time:
     D:3: 1307 daAuts
     D:2: 1146 daAuts
     D:1: 962 daAuts
     D:4: 277 daAuts
